AoeStats
← frenzy

Black Forest

509157110Analyzed
4v4 RM · 8d ago on Sep 25, 2026· 59m 1s· 8 players
Game mode
Random Map
Map size
Large (8 player)
Population
200
Speed
Normal
Resources
Standard
Victory
Conquest
Starting age
Dark Age
Ending age
Imperial Age
RankedLock teamsTeams togetherTeam positionsShared explorationLock speedFull tech treeHidden civsTurbo modeCheats
Victory
Defeat
🇹🇷 Bohemians · Türkiye
828
+7
🇹🇷 Khmer · Türkiye
784
+8
🇹🇷 Chinese · Türkiye
653
+13
🇹🇷 Turks · Türkiye
559
+16
🇫🇷 Franks · France
642
-13
🇮🇳 Spanish · India
593
-11
🇮🇳 Huns · India
593
-11
🇺🇸 Malians · United States
534
-9
MOSTLY STANK
14:32 Feudal Age
15:13 Double-Bit Axe
15:13 Horse Collar
15:42 Gold Mining
16:44 Stone Mining
19:15 Wheelbarrow
24:19 Castle Age
25:25 Bow Saw
25:22 Heavy Plow
26:02 Gold Shaft Mining
25:54 Scale Mail Armor
32:35 Fletching
32:50 Treadmill Crane
ankitsahoo7815
8:03 Loom
13:08 Feudal Age
15:40 Horse Collar
16:02 Double-Bit Axe
18:03 Gold Mining
21:22 Castle Age
24:10 Wheelbarrow
24:25 Stone Mining
24:51 Forging
24:42 Scale Mail Armor
24:47 Scale Barding Armor
24:43 Padded Archer Armor
24:33 Fletching
25:27 Caravan
25:49 Heavy Plow
27:18 Pikeman
34:16 Bodkin Arrow
34:57 Iron Casting
34:38 Chain Mail Armor
34:44 Chain Barding Armor
34:40 Leather Archer Armor
37:48 Ballistics
37:24 Murder Holes
41:06 Imperial Age
38:59 Husbandry
39:10 Bloodlines
40:25 Fortified Wall
40:41 Inquisition
41:34 Squires
43:38 Blast Furnace
44:25 Chemistry
44:31 Elite Conquistador
45:49 Masonry
46:30 Bracer
47:03 Ring Archer Armor
46:08 Halberdier
47:15 Cavalier
48:33 Plate Mail Armor
48:39 Plate Barding Armor
Nashushamen
0:35 Loom
22:52 Feudal Age
23:32 Double-Bit Axe
23:47 Gold Mining
25:01 Stone Mining
33:56 Castle Age
32:23 Fletching
32:43 Forging
32:42 Scale Mail Armor
34:48 Wheelbarrow
33:59 Town Watch
35:42 Caravan
37:34 Pikeman
38:15 Squires
38:00 Arson
38:26 Scale Barding Armor
38:17 Bodkin Arrow
39:01 Iron Casting
38:42 Chain Mail Armor
39:11 Fortified Wall
38:42 Treadmill Crane
39:14 Masonry
39:00 Murder Holes
40:41 Hand Cart
41:06 Town Patrol
41:42 Bow Saw
43:04 Ballistics
44:36 Husbandry
FullestOx956066
11:11 Loom
14:44 Feudal Age
15:55 Double-Bit Axe
17:06 Horse Collar
20:06 Bloodlines
19:49 Stone Mining
19:51 Gold Mining
22:35 Stone Mining
24:50 Castle Age
25:58 Forging
25:53 Scale Barding Armor
27:34 Husbandry
29:09 Gold Shaft Mining
28:46 Bow Saw
30:00 Caravan
32:28 Wheelbarrow
32:23 Chain Barding Armor
32:39 Iron Casting
39:42 Imperial Age
37:49 Heavy Plow
39:19 Hand Cart
39:47 Cavalier
41:06 Plate Barding Armor
41:31 Blast Furnace
41:50 Two-Man Saw
41:04 Paladin
|NsuperAble *
4:06 Loom
13:08 Feudal Age
14:07 Double-Bit Axe
14:05 Horse Collar
17:00 Town Watch
23:02 Castle Age
24:26 Bow Saw
24:51 Heavy Plow
26:55 Wheelbarrow
26:39 Town Patrol
28:20 Hand Cart
28:57 Fletching
29:08 Padded Archer Armor
32:50 Bodkin Arrow
33:11 Leather Archer Armor
33:07 Forging
37:37 Imperial Age
36:53 Wagenburg Tactics
37:42 Heavy Scorpion
38:47 Ballistics
39:28 Chemistry
38:37 Bracer
39:18 Ring Archer Armor
39:14 Conscription
40:30 Houfnice
42:47 Bombard Tower
58:18 Spies/Treason
59:04 Hussite Reforms
mandiranoy
0:31 Loom
21:11 Feudal Age
23:17 Double-Bit Axe
35:36 Castle Age
41:57 Squires
41:44 Arson
42:08 Scale Mail Armor
42:19 Forging
51:44 Chain Mail Armor
52:05 Iron Casting
frenzy
11:55 Feudal Age
10:44 Loom
12:33 Double-Bit Axe
12:29 Horse Collar
12:41 Gold Mining
15:05 Wheelbarrow
15:47 Stone Mining
23:11 Castle Age
21:43 Forging
21:33 Scale Mail Armor
24:19 Bow Saw
26:44 Imperial Age
25:40 Heavy Plow
26:17 Gold Shaft Mining
30:44 Capped Ram
32:12 Crop Rotation
31:49 Husbandry
31:25 Cavalier
37:39 Scale Barding Armor
38:06 Hand Cart
37:39 Elite Battle Elephant
45:05 Chain Barding Armor
44:53 Tusk Swords
SmokedMyself
0:38 Loom
14:13 Feudal Age
19:51 Fletching
22:21 Gold Mining
22:19 Double-Bit Axe
24:11 Padded Archer Armor
29:40 Castle Age
30:32 Crossbowman
31:49 Thumb Ring
33:41 Wheelbarrow
33:33 Horse Collar
35:41 Bodkin Arrow
36:22 Hand Cart
37:26 Bow Saw
37:33 Heavy Plow
38:52 Caravan
44:42 Imperial Age
44:44 Heavy Rocket Cart
47:16 Bracer
47:34 Elite Chu Ko Nu
Connection lost

Rejoining the realm…

Still unreachable

The connection could not be restored.

Session expired

The server has moved on; the page needs a fresh start.